 Dungeon Crawl Stone Soup version 0.18.1-6-gd335043 (webtiles) character file.

30 inmateoo the Sneak (level 3, -2/21 HPs)
             Began as an Octopode Earth Elementalist on May 19, 2016.
             Slain by Ijyb (4 damage)
             ... on level 2 of the Dungeon.
             The game lasted 00:01:34 (1387 turns).

inmateoo the Sneak (Octopode Earth Elementalist)    Turns: 1387, Time: 00:01:35

Health: -2/21      AC:  1    Str:  7    XL:     3   Next: 18%
Magic:  6/6        EV: 12    Int: 18    God:
Gold:   53         SH:  0    Dex: 12    Spells: 1 memorised, 5 levels left

rFire  . . .     SeeInvis .     h - +0 dagger
rCold  . . .     Gourm    .     (no shield)
rNeg   . . .     Faith    .     (helmet restricted)
rPois  .         Spirit   .     (no amulet)
rElec  .         Dismiss  .     (no ring)
rCorr  .         Reflect  .     (no ring)
SustAt .         Harm     .     (no ring)
MR     .....                    (no ring)
Stlth  ++++......               (no ring)
                                (no ring)
                                (no ring)
                                (no ring)

@: not resistant to hostile enchantments, stealthy
A: almost no armour, amphibious, 8 rings, constrict 8, camouflage 1, gelatinous
body 1
a: no special abilities


You were on level 2 of the Dungeon.
You were not hungry.

You visited 1 branch of the dungeon, and saw 2 of its levels.

You collected 53 gold pieces.

Inventory:

Hand Weapons
 h - a +0 dagger (weapon)
Missiles
 a - 20 stones (quivered)
Scrolls
 e - 4 scrolls of identify {unknown}
 f - a scroll of enchant weapon {unknown}
 g - a scroll of teleportation {unknown}
Books
 b - a book of Geomancy

   Spells                             Type                      Level
   a - Sandblast                      Earth                        1
   b - Passwall                       Transmutation/Earth          2
   c - Stone Arrow                    Conjuration/Earth            3
   d - Petrify                        Transmutation/Earth          4
   e - Lee's Rapid Deconstruction     Earth                        5
Comestibles
 c - a bread ration
 d - a meat ration


   Skills:
 - Level 2.0 Dodging
 + Level 5.0 Stealth
 - Level 2.0 Spellcasting
   Level 1.0 Transmutations
 - Level 3.0 Earth Magic


You had 5 spell levels left.
You knew the following spells:

 Your Spells              Type           Power        Failure   Level  Hunger
a - Sandblast             Erth           ##....       6%          1    #......


Dungeon Overview and Level Annotations

Branches:
Dungeon (2/15)

Altars:

Annotations:
D:2 Ijyb


Innate Abilities, Weirdness & Mutations

You cannot wear most types of armour.
You are amphibious.
You can wear up to eight rings at the same time.
You can use your tentacles to constrict eight enemies at once.
Your skin changes colour to match your surroundings (Stealth).
Your rubbery body absorbs attacks (AC +1).


Message History

You see here a ring mail.
You hit the centaur skeleton. The centaur skeleton hits you. x2
You hit the centaur skeleton but do no damage.
The centaur skeleton hits you.
* * * LOW HITPOINT WARNING * * *
You are too injured to fight recklessly!
Unknown command.
There is a stone staircase leading down here.
The centaur skeleton hits you.
* * * LOW HITPOINT WARNING * * *
The centaur skeleton hits you.
* * * LOW HITPOINT WARNING * * *
You climb downwards.
A giant newt and Ijyb come into view.
There is a stone staircase leading up here.
The helpless Ijyb fails to defend himself.
You puncture Ijyb! Your grab misses Ijyb.
Ijyb is heavily wounded.
Ijyb hits you.
You die...

### ..# .
#.# ..###
#.#
.....##.#
#..g.#
#.##.#.@#
#......<#
#####.###
... ....
.....
.l.. ....


You could see Ijyb and a giant newt (sleeping).

Vanquished Creatures
  An ooze (D:1)
  2 dart slugs (D:1)
  3 bats (D:1)
  A giant cockroach (D:1)
  A goblin (D:1)
  A hobgoblin (D:1)
  3 jackals (D:1)
  3 kobolds (D:1)
  2 giant newts (D:1)
  2 rats (D:1)
19 creatures vanquished.

Notes
Turn   | Place    | Note
--------------------------------------------------------------
     0 | D:1      | inmateoo the Octopode Earth Elementalist began the quest for the Orb.
     0 | D:1      | Reached XP level 1. HP: 11/11 MP: 3/3
   114 | D:1      | Reached skill level 3 in Stealth
   368 | D:1      | Reached XP level 2. HP: 15/17 MP: 5/5
   392 | D:1      | Reached skill level 4 in Stealth
  1312 | D:1      | Reached XP level 3. HP: 21/21 MP: 6/6
  1354 | D:1      | Reached skill level 5 in Stealth
  1384 | D:1      | HP: 1/21 [centaur skeleton (4)]
  1385 | D:2      | Noticed Ijyb
  1387 | D:2      | Slain by Ijyb

Skill      XL: |  1  2  3 |
---------------+----------+-----
Stealth        | 3 4 5 |  5.0
Dodging        | |  2.0
Spellcasting   | |  2.0
Transmutations | |  1.0
Earth Magic    | |  3.0

Action                   || total
-------------------------++-------
Melee: Unarmed           ||    16
       Constrict         ||     9
       Tentacles         ||     4
       Dagger            ||    41
 Stab: Sleeping          ||     6
  Eat: Chunk             ||     1
Armor: Skin              ||     3
Dodge: Dodged            ||    29
